 Dungeon Crawl Stone Soup version 0.23-a0-625-g1d2cd9b (webtiles) character file.

193 TheGoonsmith the Firebug (level 5, -10/44 HPs)
             Began as a Hill Orc Fire Elementalist on Dec 24, 2018.
             Killed by divine providence
             ... invoked by an orc priest
              (11 damage)
             ... on level 3 of the Dungeon.
             The game lasted 00:04:19 (2403 turns).

TheGoonsmith the Firebug (HOFE)                     Turns: 2403, Time: 00:04:20

Health: -10/44     AC:  2    Str: 11    XL:     5   Next: 72%
Magic:  6/8        EV: 11    Int: 16    God:
Gold:   121        SH:  4    Dex: 11    Spells: 4/8 levels left

rFire    . . .     SeeInvis .   p - +2 whip (elec)
rCold    . . .     Gourm    .   h - +0 buckler
rNeg     . . .     Faith    .   a - +0 robe
rPois    .         Spirit   .   (no helmet)
rElec    .         Reflect  .   (no cloak)
rCorr    .         Harm     .   (no gloves)
MR       .....                  (no boots)
Stlth    ++........             (no amulet)
HPRegen  0.14/turn              (no ring)
MPRegen  0.11/turn              (no ring)

@: no status effects
A: no striking features
a: Convert to Beogh


You were on level 3 of the Dungeon.
You were not hungry.

You visited 1 branch of the dungeon, and saw 3 of its levels.

You collected 121 gold pieces.

Inventory:

Hand Weapons
 b - a +0 flail
 e - a +2 dagger of draining
 p - a +2 whip of electrocution (weapon)
Armour
 a - a +0 robe (worn)
 h - a +0 buckler (worn)
 l - a +0 ring mail
Scrolls
 d - a scroll of blinking {unknown}
 f - 2 scrolls of remove curse {unknown}
 g - 5 scrolls of identify {unknown}
 j - 4 scrolls of teleportation {unknown}
 k - a scroll of immolation {unknown}
 m - a scroll of enchant armour {unknown}
Potions
 i - a potion of flight {unknown}
 n - a potion of curing {unknown}
Comestibles
 c - 4 rations


   Skills:
 + Level 2.9 Fighting
 - Level 1.5 Dodging
 - Level 1.5 Stealth
 + Level 2.0 Shields
 - Level 2.0 Spellcasting
 + Level 2.6 Conjurations
 + Level 4.5 Fire Magic


You had 4 spell levels left.
You knew the following spells:

 Your Spells              Type           Power        Failure   Level  Hunger
a - Flame Tongue          Conj/Fire      ##...        6%          1    #......
b - Conjure Flame         Conj/Fire      ##......     19%         3    ###....

Your spell library contained the following spells:

 Spells                   Type           Power        Failure   Level  Hunger
 Throw Flame              Conj/Fire      ##....       9%          2    ###....
 Inner Flame              Hex/Fire       #.......     30%         3    ###....
 Sticky Flame             Conj/Fire      ##......     52%         4    #####..
 Fireball                 Conj/Fire      ##........   86%         5    ######.


Dungeon Overview and Level Annotations

Branches:
Dungeon (3/15)

Altars:


Message History

Beogh smites you!
The orc wizard hits you with a +0 dagger.
The orc priest looks satisfied for a moment.
The orc priest calls down the wrath of Beogh upon you.
Beogh smites you!
The orc wizard hits you with a +0 dagger.
The orc wizard points at you and mumbles some strange words.
The magic dart hits you!
* * * LOW HITPOINT WARNING * * *
Okay, then.
The orc wizard completely misses you.
Things that are here:
a +1 dagger of protection; 4 tomahawks The orc priest looks braver for a moment.
The orc wizard points at you and mumbles some strange words.
The magic dart hits you!
* * * LOW HITPOINT WARNING * * *
The orc priest invokes the aid of Beogh against you.
Beogh smites you!
You die...

#.####l..#.##..##
#.##..o....# .##
#.#...###.#..##
####.#.o.# >...##
#.......###..###
#....o..# .#
#.).)...# .#
#..o)...#
#..@....###
#.<.........
#..........#
#........###
########.# ##


You could see an orc priest, an orc wizard and 2 orcs.

Vanquished Creatures
  2 orc priests
  Jessica (D:3)
  A gnoll (D:1)
  2 adders
  An ooze (D:3)
  A worm (D:2)
  A dart slug (D:1)
  2 leopard geckos
  10 orcs
  A ball python (D:3)
  12 bats
  4 giant cockroaches
  6 goblins
  A hobgoblin (D:2)
  3 jackals (D:1)
  A quokka (D:2)
  A frilled lizard (D:1)
  5 kobolds
  4 rats
59 creatures vanquished.

Notes
Turn   | Place    | Note
-------+----------+-------------------------------------------
     0 | D:1      | TheGoonsmith the Hill Orc Fire Elementalist began the quest
                  | for the Orb.
     0 | D:1      | Reached XP level 1. HP: 14/14 MP: 3/3
   143 | D:1      | Reached XP level 2. HP: 22/22 MP: 0/4
   238 | D:1      | Reached skill level 1 in Fighting
   298 | D:1      | Reached XP level 3. HP: 28/28 MP: 3/5
  1037 | D:2      | Learned a level 3 spell: Conjure Flame
  1255 | D:2      | Reached XP level 4. HP: 30/36 MP: 0/7
  1497 | D:2      | Reached skill level 4 in Fire Magic
  1595 | D:2      | Reached skill level 1 in Shields
  1971 | D:3      | Reached XP level 5. HP: 22/42 MP: 1/8
  2049 | D:3      | Noticed Jessica
  2089 | D:3      | Killed Jessica
  2380 | D:3      | Paralysed by an orc for 6 turns
  2402 | D:3      | HP: 1/44 [orc wizard/magic dart (6)]
  2403 | D:3      | Killed from afar by an orc priest

Vault maps used:
D:1:      sevenhm_arrival_forest_fort_small_5
D:3:      vehumet_crystals, uniq_jessica, uniq_natasha

Skill      XL: |  1  2  3  4  5 |
---------------+----------------+-----
Fighting       | 1 2 |  2.9
Spellcasting   | 2 |  2.0
Conjurations   | 2 |  2.6
Fire Magic     | 4 |  4.5
Shields        | 1 2 |  2.0
Dodging        | |  1.5
Stealth        | |  1.5

Action                   |  1- 3 |  4- 6 || total
-------------------------+-------+-------++-------
Melee: Unarmed           |     4 |       ||     4
       Flail             |    14 |       ||    14
       Dagger            |     9 |    25 ||    34
       Whip              |       |     9 ||     9
 Cast: Flame Tongue      |    48 |    36 ||    84
  Eat: Chunk             |     2 |     4 ||     6
Armor: Robe              |    15 |     4 ||    19
Dodge: Dodged            |    39 |    23 ||    62
Block: Buckler           |     3 |     7 ||    10

Table legend:
 A = Non-vault XP
 B = Vault XP
 C = Vault XP percentage of total XP
 D = Non-vault monster count
 E = Vault monster count
 F = Vault count percentage of total count
                 A         B        C        D         E       F
            +---------+---------+-------+---------+---------+-------
      Total |     240 |      37 |  13.4 |      58 |       1 |   1.7
            +---------+---------+-------+---------+---------+-------
        D:1 |      56 |       0 |   0.0 |      24 |       0 |   0.0
        D:2 |      95 |       0 |   0.0 |      20 |       0 |   0.0
        D:3 |      89 |      37 |  29.4 |      14 |       1 |   6.7
            +---------+---------+-------+---------+---------+-------
